 Dungeon Crawl Stone Soup version 0.11.0-9-gb634444 (webtiles) character file.

7467753 Medar the Invulnerable (level 27, 275/275 HPs)
             Began as a Minotaur Priest on Oct 20, 2012.
             Was the Champion of Zin.
             Escaped with the Orb
             ... and 15 runes on Oct 23, 2012!
             The game lasted 1day 01:28:19 (241893 turns).

Medar the Invulnerable (Minotaur Priest)       Turns: 241893, Time: 1, 01:28:19

HP 275/275       AC 47     Str 28      XL: 27
MP  43/43        EV 18     Int 24      God: Zin [******]
Gold 1849        SH  0     Dex 14      Spells: 12 memorised, 12 levels left

Res.Fire  : + + .   See Invis. : .   a - +9 lajatang (speed) (curse)
Res.Cold  : + . .   Warding    : +   u - +7 gold dragon armour of Impressiveness {+ Life Prot.: + + . Conserve : + (no shield)
Res.Poison: +       Res.Corr.  : +   X - +2 wizard hat {Int+3} (curse)
Res.Elec. : .       Clarity    : .   N - +1 orc cloak {rCorr, Cons} (curse)
Sust.Abil.: . .     Spirit.Shd : .   t - +2 pair of gloves {rF+} (curse)
Res.Mut.  : +       Stasis     : .   O - +2 pair of boots {run} (curse)
Res.Rott. : .       Ctrl.Telep.: x   D - cursed amulet "Uwuysa" {Ward Int+3}
Saprovore : . . .   Levitation : .   s - cursed ring "Nasu Qul" {+Inv rN+ MR Int+4} Ctrl.Flight: .
                                     b - cursed ring of the Gloaming {+Lev Str+4 In

@: quick, extraordinarily resistant to hostile enchantments, extremely
unstealthy
A: retaliatory headbutt, horns 2
a: Recite, Vitalisation, Imprison, Sanctuary, Cure All Mutations, Renounce
Religion, Evoke Blink, Evoke Invisibility, Evoke Levitation
}: 15/15 runes: decaying, serpentine, slimy, silver, golden, iron, obsidian,
icy, bone, abyssal, demonic, glowing, magical, fiery, dark


You escaped.
You worshipped Zin.
Zin was exalted by your worship.
You were completely stuffed.

You visited 17 branches of the dungeon, and saw 109 of its levels.
You visited Pandemonium 2 times, and saw 32 of its levels.
You visited the Abyss 2 times.
You visited 2 bazaarss.
You visited 1 Ziggurat, and saw 14 of its levels.
You also visited: Labyrinth, Trove, Sewer, Bailey, Ice Cave and Volcano.

You collected 16339 gold pieces.
You spent 5761 gold pieces at shops.
You donated 5919 gold pieces.
You used 2830 gold pieces for miscellaneous purposes.

Inventory:

Hand weapons
 a - a cursed +9,+9 lajatang of speed (weapon)
Missiles
 w - 5 javelins of returning (quivered)
 G - 4 javelins of penetration
Armour
 t - a cursed +2 pair of gloves of fire resistance (worn)
 u - the cursed +7 gold dragon armour of Impressiveness (worn) {+Blink rPois rF+ rC+ MR}
   (You found it on level 8 of the Vaults)

   It protects you from fire.
   It protects you from cold.
   It protects you from poison.
   It increases your resistance to enchantments.
   It lets you blink.
   It has a curse placed upon it.
 N - a cursed +1 orcish cloak of preservation (worn)
 O - a cursed +2 pair of boots of running (worn)
 X - a cursed +2 wizard hat of intelligence (worn)
Magical devices
 d - a wand of hasting (5)
 k - a wand of heal wounds (2)
 l - a wand of heal wounds (7)
 q - a wand of hasting (6)
 y - a wand of digging (14)
 B - a wand of teleportation (4)
 F - a wand of heal wounds (8)
 H - a wand of teleportation (5)
 M - a wand of teleportation (1)
 P - a wand of digging (6)
 S - a wand of disintegration (6)
 Y - a wand of teleportation (7)
Comestibles
 j - 8 meat rations
 x - 4 royal jellies
Scrolls
 e - a scroll of silence
 i - 3 scrolls of teleportation
 o - 3 scrolls of identify
 z - 2 scrolls of holy word
 A - 3 scrolls of blinking
 E - 5 scrolls of remove curse
Jewellery
 b - the cursed ring of the Gloaming (left hand) {+Lev Str+4 Int+3}
   (You took it off a deep elf demonologist on level 3 of the Elven Halls)

   [ring of levitation]

   It affects your strength (+4).
   It affects your intelligence (+3).
   It has a curse placed upon it.
 f - the cursed ring of Contentment {rC+ Dex+1}
   (You found it on level 6 of the Pits of Slime)

   [ring of dexterity]

   It affects your dexterity (+1).
   It protects you from cold.
   It has a curse placed upon it.
 h - the amulet "Ghuobiri" {unknown, Spirit Dex+4 Int+4}
   (You took it off a guardian mummy on level 3 of the Tomb of the Ancients)

   [amulet of guardian spirit]

   It affects your intelligence (+4).
   It affects your dexterity (+4).
 n - the cursed ring of Iwibotigh {+Lev rN+ Int+2 Acc+3 Stlth++}
   (You found it on level 6 of the Pits of Slime)

   [ring of intelligence]

   It affects your intelligence (+2).
   It affects your accuracy (+3).
   It protects you from negative energy.
   It lets you levitate.
   It makes you much more stealthy.
   It has a curse placed upon it.
 s - the cursed ring "Nasu Qul" (right hand) {+Inv rN+ MR Int+4}
   (You took it off an iron imp on level 12 of a ziggurat)

   [ring of life protection]

   It affects your intelligence (+4).
   It increases your resistance to enchantments.
   It lets you turn invisible.
   It has a curse placed upon it.
 v - the cursed amulet of Salvation {Stasis rC+ MR Int+2 SInv}
   (You took it off a centaur warrior on level 16 of the Dungeon)

   [amulet of stasis]

   It affects your intelligence (+2).
   It protects you from cold.
   It increases your resistance to enchantments.
   It enhances your eyesight.
   It has a curse placed upon it.
 D - the cursed amulet "Uwuysa" (around neck) {Ward Int+3}
   (You found it on level 13 of a ziggurat)

   [amulet of warding]

   It affects your intelligence (+3).
   It has a curse placed upon it.
Potions
 g - a potion of might
 m - a potion of restore abilities
 r - a potion of magic
 C - 2 potions of speed
 K - 4 potions of resistance
 R - 6 potions of agility
 V - 2 potions of berserk rage
 W - 10 potions of curing
Orbs of Power
 p - the Orb of Zot
Rods
 c - a cursed -1 rod of venom (13/13)
   (You took it off an ogre mage on level 3 of the Vaults)
 T - a cursed +7 lightning rod (14/14)
   (You took it off a skeletal warrior on level 5 of the Crypt)


   Skills:
 O Level 27 Fighting
 O Level 27 Staves
 O Level 27 Armour
 O Level 27 Dodging
 - Level 10.0 Traps & Doors
 + Level 13.5 Spellcasting
 + Level 18.3 Hexes
 - Level 18.3 Charms
 - Level 9.2 Summonings
 - Level 14.3 Translocations
 + Level 18.9 Air Magic
 O Level 27 Invocations
 - Level 10.4 Evocations


You had 12 spell levels left.
You knew the following spells:

 Your Spells              Type           Power        Failure   Level  Hunger
a - Silence               Hex/Air        ########..   1%          5    ##.....
b - Control Teleport      Chrm/Tloc      ########..   1%          4    None
c - Insulation            Chrm/Air       ########..   1%          4    None
d - Phase Shift           Tloc           #######...   3%          5    ##.....
e - Swiftness             Chrm/Air       ########..   1%          2    None
f - Abjuration            Summ           #######...   2%          3    None
g - Repel Missiles        Chrm/Air       ########..   1%          2    None
p - Apportation           Tloc           #######...   1%          1    None
r - Deflect Missiles      Chrm/Air       ########..   2%          6    #####..
u - See Invisible         Chrm           ########..   1%          4    None
w - Blink                 Tloc           N/A          1%          2    None
y - Flight                Chrm/Air       ########..   1%          3    None


Dungeon Overview and Level Annotations

Branches:
Dungeon (27/27)            Temple (1/1) D:6             Orc (4/4) D:6
    Elf (3/3) Orc:3          Lair (8/8) D:13          Swamp (5/5) Lair:5
  Snake (5/5) Lair:5        Slime (6/6) Lair:7       Vaults (8/8) D:17
  Blade (0/1) Vaults:4      Crypt (5/5) Vaults:3       Tomb (3/3) Crypt:3
    Dis (7/7) Hell            Geh (7/7) Hell            Coc (7/7) Hell
    Tar (7/7) Hell            Zot (5/5) D:27

Altars:
Ashenzari
Elyvilon
Kikubaaqudgha
Makhleb
Nemelex Xobeh
Sif Muna
Trog
Xom
Yredelemnul
Zin
the Shining One
Beogh
Lugonu

Shops:
D:6: [ D:24: ! D:26: [ Orc:4: [*(/ Elf:3: /(+? Snake:5: [ Vaults:1: ? Vaults:2: * Vaults:4: * Vaults:8: %!% Abyss: ((((((((((

Portals:
Dungeon: Abyss****
Hell: D:21 D:22 D:23 D:24 D:25 D:26 D:27
Abyss: D:21 D:22 D:24 D:25 D:26
Pandemonium: D:24
Ziggurat: D:4 (5720 gp)

Annotations
D:10 Fannar


Innate Abilities, Weirdness & Mutations

You reflexively headbutt those who attack you in melee.
You have a pair of horns on your head.


Message History

Where to? (* - list waypoints, Enter - D:1 @ (x,y), ? - help)
There is an open door here.
You enter the shallow water.
Moving in this stuff is going to be slow.
There is a staircase leading out of the dungeon here.
You start searching.
You found a secret door!
You start searching.
Your divine stamina fades away.
You start searching.
Your deflect missiles spell is about to expire...
You enter the shallow water.
Moving in this stuff is going to be slow.
You open the door.
There is a staircase leading out of the dungeon here.
You start searching.
You feel less protected from missiles.
You start searching.
Your magical contamination has completely faded away.
Are you sure you want to win?
You have escaped!

# #####...##.#######. #
#######'#.##.# ## #########
#....##.#.##.########
........#####.##≈##≈#.##.........
........##..'..#≈≈≈##.###########
........##.########≈#.#
........##.##≈≈≈≈≈≈##.#
...........##≈#≈###≈#.#
#####.####.##≈#≈@≈#≈#.# # #.#
#.##<≈≈≈≈≈<#.# # #.#
#.#####'####.# # #.# #.# #....).#
# #.# #.# ######.########### #
#.# #.# #............ # #.# #.#
###########.. # #.# #.# #.. # #.#
#.# #..


There were no monsters in sight!

Vanquished Creatures
  Antaeus (Coc:7)
  Asmodeus (Geh:7)
  Cerebov (Pan)
  Gloorx Vloq (Pan)
  Mnoleg (Pan)
  the royal jelly (Slime:6)
  Ereshkigal (Tar:7)
  Dispater (Dis:7)
  Lom Lobon (Pan)
  12 ancient liches
  10 orbs of fire the Serpent of Hell (Coc:7)
  33 greater mummies
  Saint Roka (Snake:5)
  Norris (Snake:2)
  Mara (Crypt:1)
  3 Killer Klowns
  Margery (D:26)
  Geryon (Hell)
  8 golden dragons
  3 electric golems
  19 pandemonium lords
  Xtahua (Snake:5)
  Frederick (Vaults:4)
  A hellephant (Abyss)
  12 Hell Sentinels
  16 Brimstone Fiends
  11 liches
  16 tentacled monstrosities
  A titan (Vaults:8)
  25 Orb Guardians (Zot:5)
  A player illusion (Vaults:3)
  4 deep elf blademasters
  20 shadow dragons
  19 storm dragons
  Kirke (Snake:2)
  26 acid blobs
  A sphinx (shapeshifter) (D:14)
  13 Ice Fiends
  Agnes (D:16)
  8 sphinxes
  Frances (Crypt:4)
  15 Shadow Fiends
  4 draconian monks
  Aizul (Swamp:5)
  2 draconian knights
  26 bone dragons
  37 balrugs
  4 ghouls
  Donald (Crypt:3)
  2 orc warlords
  30 Executioners
  9 azure jellies
  8 draconian zealots
  Wiglaf (D:17)
  14 iron dragons
  Louise (D:19)
  2 draconian scorchers (Zot:3)
  4 frost giants
  2 ghost moths
  3 fire giants
  5 kraken zombies
  57 stone giants
  6 draconian annihilators
  4 draconian shifters
  4 quicksilver dragon skeletons
  27 cacodemons
  3 curse skulls
  2 draconian callers
  15 green deaths
  4 grey draconians
  5 pale draconians
  7 green draconians
  8 deep elf annihilators
  11 greater nagas
  9 mottled draconians
  A dire elephant (Abyss)
  7 black draconians
  5 yellow draconians
  Azrael (Vaults:3)
  6 purple draconians
  5 red draconians
  4 white draconians
  3 deep elf death magi (Elf:3)
  75 reapers
  3 deep elf master archers
  20 blizzard demons
  50 yaktaur captains
  38 vault guards
  6 salamanders (Geh:4)
  Snorg (D:19)
  A minotaur (Lab)
  A dragon (shapeshifter) (Vaults:8)
  27 mummy priests
  An ettin (shapeshifter) (Vaults:8)
  12 great orbs of eyes
  7 deep elf sorcerers (Elf:3)
  A siren (shapeshifter) (Vaults:8)
  10 ettins
  A minotaur (shapeshifter) (Vaults:7)
  6 dragons
  9 death oozes
  33 hydras
  20 ice dragons
  2 golden dragon zombies
  4 storm dragon skeletons
  Harold (D:12)
  3 dancing weapons
  7 death cobs
  3 ravenous feature mimics
  7 shadow dragon zombies
  14 lorocyprocas
  10 ogre magi
  2 ravenous item mimics
  A golden dragon skeleton (Crypt:5)
  9 deep elf demonologists
  2 anacondas (shapeshifter)
  5 rakshasas
  4 anacondas
  A sphinx zombie (Vaults:6)
  30 iron dragon zombies
  9 shadow dragon skeletons
  2 wolf spider zombies
  An alligator (shapeshifter) (D:25)
  2 hell hog zombies (Dis:1)
  2 kraken simulacra
  9 stone giant zombies
  3 frost giant zombies
  A fire giant zombie (Geh:5)
  6 deep elf high priests
  3 sphinx skeletons
  5 death yaks
  27 deep trolls
  Urug (D:10)
  A deep troll (shapeshifter) (Vaults:8)
  3 iron dragon skeletons
  60 sun demons
  10 very ugly things
  11 stone giant skeletons
  7 iron golems
  9 alligators
  3 fire giant skeletons
  2 frost giant skeletons
  An orc high priest (Orc:2)
  A catoblepas (Vaults:1)
  4 draconian skeletons
  23 centaur warriors
  46 hell hogs
  276 skeletal warriors
  60 soul eaters
  19 deep elf knights
  A dire elephant zombie (Geh:6)
  A deep dwarf death knight (Abyss)
  24 hell knights
  34 ice devils
  17 iron trolls
  3 grey draconian zombies
  10 unseen horrors
  3 green draconian zombies
  A purple draconian zombie (Coc:4)
  27 flayed ghosts
  2 white draconian zombies
  A mottled draconian zombie (Dis:3)
  15 shadow wraiths
  2 death drakes (Zot:5)
  76 large abominations
  A yellow draconian zombie (Dis:6)
  25 naga warriors
  5 sea snake zombies
  21 shadow demons
  A death yak zombie (Zig:5)
  A red draconian zombie (Dis:2)
  2 black draconian zombies
  A dire elephant skeleton (Pan)
  11 human zombies
  6 white draconian skeletons
  33 orc knights
  2 redback zombies
  An alligator snapping turtle skeleton (Pan)
  9 wizards
  12 swamp dragons
  8 orc sorcerers
  8 harpies
  33 hill giants
  6 giant orange brains
  A purple draconian skeleton (Crypt:2)
  26 giant amoebae
  2 yellow draconian skeletons
  An iron troll zombie (D:20)
  A death yak skeleton (Tomb:1)
  A green draconian skeleton (Geh:3)
  3 red draconian skeletons
  4 black draconian skeletons
  2 mottled draconian skeletons
  2 harpy zombies
  5 grey draconian skeletons
  4 pale draconian skeletons
  A vampire mage (Vaults:4)
  A guardian serpent (shapeshifter) (D:17)
  6 iron troll skeletons
  A crystal golem (Zig:14)
  A deep dwarf berserker (Abyss)
  A giant amoeba (shapeshifter) (Zig:11)
  20 cyclopes
  13 guardian serpents
  13 spiny worms
  2 hydra zombies
  10 death drake zombies
  16 flaming corpses
  3 siren zombies
  32 hellions
  2 lindwurms (Lair:8)
  8 griffons
  8 wolf spiders
  4 hydra skeletons
  35 sixfirhies
  15 necromancers
  2 draconians (shapeshifter)
  2 harpy skeletons
  A minotaur skeleton (Geh:7)
  2 siren skeletons
  A jumping spider zombie (Coc:2)
  A cyclops (shapeshifter) (Vaults:8)
  A griffon zombie (Geh:6)
  3 red wasps
  4 trapdoor spider zombies
  7 death drake skeletons
  11 shining eyes
  2 red wasp zombies
  3 elves (shapeshifter)
  19 phantasmal warriors
  5 elephant slugs
  9 eyes of devastation
  22 moths of wrath
  3 guardian serpent zombies
  15 hell beasts
  3 fire crabs
  23 ice dragon zombies
  53 orange demons
  An ettin zombie (Geh:5)
  5 stone golems (Zig:14)
  A frost giant simulacrum (D:12)
  7 elephants (Lair:8)
  2 dragon skeletons
  15 spiny frogs
  2 tarantella zombies
  3 dragon zombies
  A guardian serpent skeleton (Geh:1)
  A spiny frog (shapeshifter) (D:18)
  20 black mambas
  20 ice dragon skeletons
  An alligator skeleton (Crypt:1)
  4 griffon skeletons
  175 slime creatures
  50 yaktaurs
  A stone giant simulacrum (D:14)
  An ettin skeleton (Geh:6)
  17 rock trolls
  2 feature mimics
  111 guardian mummies
  3 spriggan zombies
  98 hellwings
  2 hill giant zombies
  77 smoke demons
  A queen ant zombie (Crypt:5)
  A green draconian simulacrum (Tar:1)
  55 tormentors
  The ghost of MrBismarck the Ruinous, an experienced OpCj of Vehumet (D:6)
  9 komodo dragons
  128 ugly things
  12 naga magi
  39 iron devils
  A spriggan skeleton (Crypt:3)
  12 demonic crawlers
  3 hill giant skeletons
  Grinder (D:3)
  11 efreet
  22 trolls
  A baby alligator zombie (Tomb:1)
  8 silent spectres
  6 polar bears (Lair:8)
  A troll (shapeshifter) (Vaults:8)
  2 raven zombies
  3 rock troll zombies
  6 deep troll zombies
  15 giant leeches
  2 snapping turtle zombies
  A grey draconian simulacrum (Zig:5)
  2 spriggans (shapeshifter) (Vaults:8)
  3 trapdoor spider simulacra (Tomb:1)
  A baby alligator (shapeshifter) (Vaults:1)
  2 raven skeletons (Geh:2)
  7 bog bodies
  23 blink frogs
  A deep dwarf artificer (Abyss)
  5 deep troll skeletons
  11 grizzly bears (Lair:8)
  2 rotting hulks
  22 two-headed ogres
  3 baby alligator skeletons
  4 jumping spiders
  A minotaur simulacrum (Crypt:2)
  2 rock troll skeletons (Abyss)
  6 giant fireflies (Lair:8)
  4 basilisks
  A wyvern (shapeshifter) (Vaults:7)
  An elephant zombie (Geh:2)
  A jumping spider (shapeshifter) (D:26)
  A griffon simulacrum (Zig:8)
  A lindwurm zombie (Geh:2)
  73 yaks
  2 swamp dragon zombies
  36 blue devils
  3 hogs (Snake:2)
  34 vampires
  49 ynoxinuls
  17 bumblebees
  25 brown oozes
  5 snapping turtle skeletons
  A bumblebee (shapeshifter) (D:22)
  4 merfolk skeletons
  2 tarantellas
  17 molten gargoyles (Geh:7)
  A wyvern (D:13)
  25 fire crab zombies
  3 sharks (Lair:6)
  A toenail golem (Volcano)
  4 blink frog zombies
  5 blink frog skeletons
  2 merfolk (shapeshifter)
  3 trapdoor spiders
  31 golden eyes
  A steam dragon (D:12)
  66 wraiths
  19 hungry ghosts
  Grum (D:8)
  18 redbacks
  15 deep elf conjurers
  A hippogriff (shapeshifter) (D:17)
  7 fire elementals (Vaults:3)
  2 elephant skeletons
  4 fire drakes
  A lindwurm skeleton (Crypt:1)
  2 yaktaur zombies
  8 hippogriffs
  5 clay golems
  16 deep elf fighters
  A fire drake zombie (Geh:6)
  22 water elementals
  57 vampire mosquitoes
  58 neqoxecs
  A queen ant simulacrum (Zig:5)
  9 chaos spawn
  2 hog skeletons
  3 mermaid zombies
  9 deep elf summoners
  51 necrophages
  Edmund (D:7)
  6 manticores
  A manticore (shapeshifter) (Vaults:8)
  A giant slug zombie (D:14)
  41 swamp worms
  7 rock worms
  7 war dogs
  7 boulder beetles
  Menkaure (D:4)
  A manticore zombie (Geh:4)
  A soldier ant (Vaults:1)
  2 yaktaur skeletons
  A mermaid skeleton (Geh:1)
  An orange crystal statue (D:16)
  A war dog (shapeshifter) (D:19)
  A hell hound zombie (Tar:3)
  74 small abominations
  135 hell hounds
  A hell hound skeleton (Tar:2)
  7 mottled dragons
  5 wyvern skeletons
  3 deep dwarves (Abyss)
  A yellow wasp (Lair:5)
  88 red devils
  4 deep elf priests
  57 ogres
  10 swamp drakes
  A gargoyle (D:19)
  A draconian zombie (Coc:2)
  2 bumblebee zombies
  12 giant goldfish
  28 ice beasts
  5 black bears (Lair:8)
  25 phantoms
  2 deep dwarves (shapeshifter)
  A yak zombie (D:21)
  69 freezing wraiths
  2 orb spider zombies
  4 boulder beetle zombies
  4 sky beasts
  2 polar bear skeletons
  38 rotting devils
  39 centaurs
  2 troll zombies (Crypt:3)
  88 orc warriors
  A grizzly bear skeleton (Geh:6)
  5 shark zombies
  99 nagas
  7 giant goldfish zombies
  A hippogriff skeleton (Crypt:5)
  25 lava worms
  2 wolf zombies
  2 giant goldfish skeletons (Coc:4)
  2 wolves
  Duvessa (D:8)
  A boring beetle (Lair:6)
  19 wargs
  8 brain worms
  A crocodile (shapeshifter) (D:16)
  9 giant slugs
  3 troll skeletons
  16 crocodiles
  53 water moccasins
  4 gnoll sergeants (D:8)
  A yellow wasp zombie (Coc:4)
  A water moccasin zombie (Coc:7)
  32 deep elf magi
  A giant slug (shapeshifter) (Vaults:8)
  A war dog skeleton (Tar:7)
  3 big kobolds
  A centaur zombie (Crypt:5)
  23 giant frogs
  2 black bear zombies
  9 agate snails
  3 boring beetle zombies
  21 insubstantial wisps
  6 earth elementals
  A black bear skeleton (Crypt:5)
  2 two-headed ogre skeletons (Crypt:5)
  30 eyes of draining
  An eye of draining (shapeshifter) (Vaults:1)
  A human (shapeshifter) (D:18)
  A warg skeleton (Crypt:5)
  A warg zombie (Crypt:5)
  2 water moccasin skeletons
  5 basilisk skeletons
  38 jellyfish
  A shark simulacrum (Coc:7)
  2 grizzly bear simulacra (Lair:8)
  A boulder beetle simulacrum (D:12)
  35 lava fish
  18 killer bees
  3 big kobold zombies
  18 lava snakes
  180 wights
  17 electric eels
  A mottled dragon zombie (Vaults:2)
  5 pulsating lumps
  71 shadows
  2 tengu zombies
  2 ogre zombies
  62 crimson imps
  2 felid skeletons
  A mottled dragon skeleton (D:17)
  22 hounds
  2 brain worm zombies
  A dwarf zombie (Dis:7)
  2 killer bee zombies
  A tengu skeleton (Abyss)
  Dowan (D:8)
  2 ogre skeletons
  6 big kobold skeletons
  A deep dwarf zombie (Abyss)
  2 demigod skeletons
  A dwarf skeleton (Crypt:2)
  12 quasits
  3 scorpions
  4 goliath beetles
  3 hound zombies
  19 orange rats
  80 iron imps
  39 orc priests
  A gnoll shaman (D:8)
  A hound skeleton (Dis:5)
  7 iguanas
  8 big fish
  An orange rat zombie (Crypt:4)
  28 deep elf soldiers
  A naga zombie (Geh:2)
  46 orc wizards
  8 porcupines
  A worker ant zombie (Tomb:3)
  36 sheep
  15 big fish zombies
  A hound simulacrum (Lair:8)
  An orange rat skeleton (Coc:2)
  2 steam dragon zombies
  13 worker ants
  A big fish skeleton (Coc:5)
  2 steam dragon skeletons (Crypt:5)
  A swamp drake skeleton (Geh:3)
  3 boggarts (D:20)
  33 jellies
  A goliath beetle zombie (D:12)
  66 mummies
  218 flying skulls
  2 big fish simulacra
  2 sheep zombies
  48 adders
  3 adder zombies
  2 giant centipedes
  31 gnolls
  103 green rats
  64 lemures
  A giant centipede zombie (Coc:3)
  2 giant mites
  2 iguana skeletons
  3 iguana zombies
  3 adder skeletons
  12 elf zombies
  A giant centipede (shapeshifter) (D:26)
  3 scorpion zombies
  33 shadow imps
  25 worms
  A porcupine zombie (Tar:6)
  3 sheep skeletons
  92 white imps
  7 sheep simulacra (Lair:8)
  211 ufetubi
  52 grey rats
  2 bat skeletons
  A bat zombie (Crypt:2)
  A gnoll zombie (D:8)
  17 giant eyeballs
  3 gnoll skeletons
  A green rat zombie (Dis:3)
  17 oozes
  260 orcs
  A ball python (shapeshifter) (D:27)
  3 ball pythons
  5 giant cockroaches
  12 hobgoblins
  26 jackals
  15 quokkas
  An ant larva zombie (Dis:6)
  2 ball python skeletons
  2 ball python zombies
  76 bats
  7 giant geckos
  A giant gecko skeleton (Dis:7)
  4 giant gecko zombies
  9 giant newts
  2 giant newt skeletons
  2 giant newt zombies
  2 giant spores
  27 goblins
  4 goblin skeletons
  A grey rat skeleton (Crypt:2)
  A grey rat zombie (Dis:3)
  A hobgoblin skeleton (Coc:6)
  2 hobgoblin zombies
  19 illusory rakshasas
  A jackal zombie (Coc:2)
  40 kobolds
  A kobold zombie (Coc:3)
  11 orc skeletons
  An orc zombie (D:7)
  A quokka skeleton (D:7)
  67 rats
  A rat simulacrum (Lair:8)
  2 rat skeletons
  2 rat zombies
  9 ballistomycetes
  6 fungi
  8 plants
  8 tentacles
  139 toadstools
8189 creatures vanquished.

Vanquished Creatures (collateral kills)
  An orc (D:5)
1 creature vanquished.

Vanquished Creatures (others)
  2 eldritch tentacles
  A daeva (Pan)
  A kraken zombie (Coc:4)
  2 angels (Pan)
  2 stone giants
  An ophan (D:25)
  A green death (Pan)
  A deep elf sorcerer (Zig:11)
  A yaktaur captain (D:27)
  A dragon (Zot:4)
  An anaconda skeleton (Crypt:5)
  A frost giant skeleton (Crypt:5)
  A death drake (Zot:5)
  A vapour (Abyss)
  A giant orange brain (Pan)
  A large abomination (Pan)
  A flaming corpse (Abyss)
  2 death yak skeletons (Crypt:5)
  A necromancer (Crypt:5)
  A hellion (Coc:5)
  A sea snake skeleton (Crypt:5)
  A yaktaur (D:25)
  A moth of wrath (Zot:4)
  An alligator skeleton (Crypt:5)
  2 orange demons
  A tormentor (Pan)
  A guardian mummy (Tomb:2)
  A komodo dragon (Zot:5)
  4 humans
  A baby alligator skeleton (Tar:5)
  A trapdoor spider simulacrum (Tomb:1)
  3 wraiths
  A vampire (Zig:5)
  A golden eye (Slime:4)
  A hog zombie (Coc:6)
  A deep elf fighter (Elf:3)
  A deep elf conjurer (Elf:3)
  3 small abominations (Pan)
  4 hell hounds
  An ogre (Vaults:3)
  A sky beast (D:14)
  A war dog skeleton (Crypt:5)
  A rotting devil (Coc:7)
  A two-headed ogre skeleton (Crypt:5)
  A war dog simulacrum (Tomb:1)
  3 wights
  4 iron imps
  A shadow (Dis:5)
  2 hounds
  4 crimson imps
  A worker ant (D:10)
  A naga skeleton (Crypt:5)
  2 deep elf soldiers
  3 mummies (Tomb:2)
  2 gnolls (D:8)
  6 lemures
  4 shadow imps
  2 adders (Snake:5)
  A giant centipede (D:14)
  4 white imps
  A porcupine skeleton (Geh:7)
  8 ufetubi
  6 orcs
  An orc (shapeshifter) (Vaults:8)
  A kobold (D:8)
  A giant newt (D:3)
  4 giant spores (D:14)
  2 goblins
  A goblin zombie (Crypt:5)
  A grey rat skeleton (Crypt:5)
  An orc skeleton (Crypt:3)
  3 rats
  3 ballistomycetes (D:14)
  2 bushes (D:14)
  169 eldritch tentacle segments
  27 fungi
  11 pillars of salt (Tomb:3)
  36 plants
  18 tentacles
  261 tentacle segments
  867 toadstools
1524 creatures vanquished.

Grand Total: 9714 creatures vanquished

Notes
Turn   | Place    | Note
--------------------------------------------------------------
     0 | D:1      | Medar, the Minotaur Priest, began the quest for the Orb.
     0 | D:1      | Reached XP level 1. HP: 17/17 MP: 2/2
   366 | D:1      | Reached XP level 2. HP: 19/24 MP: 3/3
   799 | D:1      | Acquired Zin's second power
  1213 | D:1      | Reached skill level 5 in Staves
  1213 | D:1      | Reached XP level 3. HP: 20/29 MP: 5/5
  1329 | D:2      | Reached skill level 6 in Staves
  1329 | D:2      | Reached XP level 4. HP: 14/37 MP: 6/6
  1793 | D:2      | Found a bloodstained altar of Trog.
  1977 | D:2      | Found a white marble altar of Elyvilon.
  2663 | D:3      | Reached XP level 5. HP: 28/42 MP: 6/6
  2765 | D:3      | Reached skill level 7 in Staves
  2785 | D:3      | Noticed Grinder
  3415 | D:3      | Killed Grinder
  3415 | D:3      | Reached skill level 9 in Staves
  3415 | D:3      | Reached XP level 6. HP: 31/49 MP: 8/8
  3448 | D:3      | Found an ancient bone altar of Kikubaaqudgha.
  3568 | D:3      | Acquired Zin's third power
  3852 | D:3      | Found a glowing silver altar of Zin.
  3986 | D:3      | Noticed a human
  3988 | D:3      | Killed a human
  4054 | D:4      | Found a gateway to a ziggurat.
  4171 | D:4      | Noticed a necrophage
  4182 | D:4      | Killed a necrophage
  4182 | D:4      | Reached XP level 7. HP: 44/56 MP: 9/9
  4330 | D:4      | Found a glowing drain.
  4342 | D:4      | Noticed Menkaure
  4349 | D:4      | Killed Menkaure
  4349 | D:4      | Reached skill level 10 in Staves
  4361 | D:4      | Found a basalt altar of Yredelemnul.
  4370 | Sewer    | Entered a sewer
  5873 | D:5      | Entered Level 5 of the Dungeon
  5986 | D:5      | HP: 2/53 [orc priest/divine providence (12)]
  6271 | D:5      | Reached skill level 11 in Staves
  6303 | D:5      | Reached XP level 8. HP: 55/59 MP: 10/10
  6475 | D:5      | Noticed a yak
  6496 | D:5      | Killed a yak
  7237 | D:4      | Reached skill level 12 in Staves
  7368 | D:5      | Reached skill level 1 in Armour
  7906 | D:6      | Found a staircase to the Ecumenical Temple.
  7973 | D:6      | Acquired Zin's fourth power
  8118 | D:6      | Noticed MrBismarck's ghost (experienced OpCj)
  8226 | D:6      | Killed MrBismarck's ghost
  8226 | D:6      | Reached XP level 9. HP: 49/67 MP: 11/11
  8357 | D:6      | Found a staircase to the Orcish Mines.
  8359 | D:6      | Found Uginufoas' Armour Boutique.
  8376 | D:6      | Bought a +1 orcish cloak of preservation for 122 gold pieces
  8839 | D:6      | Found a deep blue altar of Sif Muna.
  9311 | D:6      | Bought a +0 pair of gauntlets for 20 gold pieces
 10234 | D:7      | Noticed Edmund
 10245 | D:7      | Reached skill level 5 in Fighting
 10365 | D:7      | Found a shattered altar of Ashenzari.
 10597 | D:7      | Found a glowing golden altar of the Shining One.
 10740 | D:7      | Killed Edmund
 11171 | D:8      | Reached XP level 10. HP: 69/77 MP: 12/12
 11218 | D:8      | Reached skill level 13 in Staves
 11218 | D:8      | Reached skill level 5 in Armour
 11218 | D:8      | Reached skill level 5 in Dodging
 11226 | D:8      | Paralysed by a giant eyeball for 3 turns
 11920 | D:8      | Noticed Duvessa
 11996 | D:8      | Noticed Dowan
 12021 | D:8      | Killed Duvessa
 12024 | D:8      | Killed Dowan
 12268 | D:8      | Reached skill level 5 in Invocations
 12382 | D:8      | Paralysed by a giant eyeball for 4 turns
 12422 | D:8      | Found a staircase to the Orcish Mines.
 13063 | D:8      | Noticed Grum
 13078 | D:8      | Killed Grum
 13428 | D:8      | Found a flagged portal.
 13438 | Bailey   | Entered a bailey
 14376 | D:8      | Found a sparkling altar of Nemelex Xobeh.
 14413 | D:8      | Paralysed by a giant eyeball for 3 turns
 14596 | D:9      | Found a shimmering altar of Xom.
 15272 | D:9      | Noticed a hill giant
 15461 | D:9      | Killed a hill giant
 15461 | D:9      | Reached XP level 11. HP: 84/87 MP: 16/16
 15559 | D:9      | Found a deep blue altar of Sif Muna.
 15559 | D:9      | Noticed a storm dragon skeleton
 16116 | D:9      | Noticed a hill giant
 16128 | D:9      | Killed a hill giant
 16128 | D:9      | Reached skill level 14 in Staves
 16144 | D:9      | Reached skill level 10 in Fighting
 16144 | D:9      | Reached skill level 10 in Armour
 16144 | D:9      | Reached skill level 5 in Traps & Doors
 16144 | D:9      | Reached XP level 12. HP: 95/99 MP: 18/18
 16209 | D:9      | Found a deep blue altar of Sif Muna.
 16209 | D:9      | Noticed a cyclops
 16226 | D:9      | Killed a cyclops
 16525 | D:9      | Killed a storm dragon skeleton
 16566 | D:10     | Entered Level 10 of the Dungeon
 17346 | D:10     | Noticed Fannar
 17547 | D:10     | Got a distressingly furry leather armour
 17558 | D:10     | Identified the +1 leather armour of Dirineki (You found it on level 10 of the Dungeon)
 17724 | D:10     | Noticed Urug
 17739 | D:10     | Killed Urug
 18132 | D:11     | Noticed an eight-headed hydra
 18664 | D:11     | Found a portal to a secret trove of treasure.
 18825 | D:11     | Found a frozen archway.
 18945 | IceCv    | Entered an ice cave
 20409 | D:12     | Noticed a shadow dragon skeleton
 20526 | D:12     | Noticed a frost giant simulacrum
 21245 | D:12     | Noticed Harold
 21259 | D:12     | Killed Harold
 21468 | D:12     | vault
 21508 | D:13     | Found a corrupted altar of Lugonu.
 21581 | D:13     | Reached XP level 13. HP: 92/109 MP: 22/22
 22354 | D:13     | Found a staircase to the Lair.
 22399 | D:13     | Azmodan: Go Go Power Rangers!
 22894 | D:13     | Reached skill level 10 in Dodging
 23013 | D:14     | Entered Level 14 of the Dungeon
 23789 | D:14     | Noticed a shadow dragon
 23807 | D:14     | vault, shadow dragon
 23863 | Lair:1   | Entered Level 1 of the Lair of Beasts
 24534 | Lair:1   | Reached skill level 10 in Invocations
 26424 | Lair:3   | Noticed a four-headed hydra
 26487 | Lair:3   | Killed a four-headed hydra
 26513 | Lair:3   | Got an encrusted whip
 26514 | Lair:3   | Identified the whip of Ebruug {speed, +Blink +Inv} (You found it on level 3 of the Lair of Beasts)
 26614 | Lair:3   | Got a jewelled war axe
 26615 | Lair:3   | Identified the war axe of Boeg {pain, *Tele rPois rF+ Str+1 Int+3} (You found it on level 3 of the Lair of Beasts)
 28434 | Lair:5   | Found a staircase to the Snake Pit.
 28493 | Lair:5   | Noticed a six-headed hydra
 28506 | Lair:5   | Killed a six-headed hydra
 28805 | Lair:5   | Found a staircase to the Swamp.
 30188 | Lair:6   | Reached XP level 14. HP: 122/122 MP: 25/25
 31654 | Lair:6   | Noticed an eight-headed hydra
 31660 | Lair:6   | Killed an eight-headed hydra
 32286 | Lair:7   | Reached skill level 15 in Staves
 33173 | Lair:7   | Found a staircase to the Slime Pits.
 33513 | Lair:7   | Found a dark tunnel.
 33526 | Volcano  | Entered a volcano
 34072 | Lair:8   | Entered Level 8 of the Lair of Beasts
 36264 | Lair:8   | Reached XP level 15. HP: 117/128 MP: 27/27
 36284 | Lair:8   | Reached skill level 16 in Staves
 37204 | Lair:8   | Reached skill level 15 in Armour
 38659 | Lair:8   | Reached skill level 10 in Traps & Doors
 39957 | D:11     | Killed an eight-headed hydra
 40047 | D:12     | Noticed an eight-headed hydra
 40056 | D:12     | Killed an eight-headed hydra
 40677 | D:14     | Noticed an eight-headed hydra
 40678 | D:14     | Noticed a six-headed hydra
 40684 | D:14     | Killed an eight-headed hydra
 40706 | D:14     | Killed a six-headed hydra
 41262 | D:14     | Noticed a sphinx
 41539 | D:8      | the staircase to the Orcish Mines was a mimic.
 41693 | Orc:1    | Entered Level 1 of the Orcish Mines
 42264 | Orc:2    | Found a burning altar of Makhleb.
 43019 | Orc:3    | Found a roughly hewn altar of Beogh.
 43420 | Orc:4    | Entered Level 4 of the Orcish Mines
 44335 | Orc:4    | Found Reegerch's General Store.
 44335 | Orc:4    | Found Qaiz's Weapon Shop.
 44338 | Orc:4    | Found Ceulud's Armour Shoppe.
 44340 | Orc:4    | Found Mereamah's Magical Wand Boutique.
 44347 | Orc:4    | Bought a scroll of blinking for 60 gold pieces
 44347 | Orc:4    | Bought a potion of curing for 22 gold pieces
 44877 | Orc:4    | Noticed an orc warlord
 45045 | Orc:4    | Noticed an orc warlord
 45607 | Orc:4    | Killed an orc warlord
 45607 | Orc:4    | Reached skill level 17 in Staves
 46205 | Orc:4    | Paralysed by an orc sorcerer for 4 turns
 46314 | Orc:4    | Identified a +4 rod of destruction [fire] (2/12) (You took it off an orc on level 4 of the Orcish Mines)
 47066 | Orc:3    | Found a staircase to the Elven Halls.
 48930 | D:14     | Reached XP level 16. HP: 121/137 MP: 29/29
 49097 | D:15     | Entered Level 15 of the Dungeon
 49200 | D:15     | Got an iridescent glaive
 49249 | D:15     | Identified the glaive "Mumaul" {slay orc, Contam+ rPois rC+ Dex+3} (You found it on level 15 of the Dungeon)
 49523 | D:15     | Found a burning altar of Makhleb.
 50767 | D:16     | Noticed Agnes
 50779 | D:16     | Killed Agnes
 51093 | D:16     | Got a brightly glowing ruby amulet
 51099 | D:16     | Got a twisted hammer {pain}
 51100 | D:16     | Identified the cursed hammer of the Pyrrhic Victory {pain, Str+2 Dex+4} (You took it off a centaur warrior on level 16 of the Dungeon)
 52132 | D:17     | Found a staircase to the Vaults.
 52148 | D:17     | Reached skill level 15 in Dodging
 52451 | D:17     | Noticed Wiglaf
 52482 | D:17     | Killed Wiglaf
 53083 | D:17     | Found a gateway to a bazaar.
 53098 | Bazaar   | Entered a bazaar
 53100 | Bazaar   | Found Frethrym's Antique Weapon Boutique.
 53106 | Bazaar   | Found Juatih's Magical Wand Boutique.
 53141 | Bazaar   | Found Yfiuk's Jewellery Boutique.
 53147 | Bazaar   | Yfiuk's Jewellery Boutique was a mimic.
 53184 | Bazaar   | Found Xeojom's Book Shop.
 53227 | Bazaar   | Bought a wand of fire (10) for 336 gold pieces
 53227 | Bazaar   | Bought a wand of frost (13) for 90 gold pieces
 53227 | Bazaar   | Bought a wand of invisibility (4) for 96 gold pieces
 53227 | Bazaar   | Bought a wand of confusion (4) for 54 gold pieces
 53561 | D:17     | Found a shimmering altar of Xom.
 53916 | D:14     | Killed a sphinx
 53916 | D:14     | Reached XP level 17. HP: 138/148 MP: 30/30
 54060 | Vaults:1 | Entered Level 1 of the Vaults
 54895 | D:17     | Reached skill level 15 in Fighting
 55576 | Vaults:1 | Found Uguvan Mosch's Magic Scroll Shoppe.
 55616 | Vaults:1 | Bought a scroll of teleportation for 60 gold pieces
 55616 | Vaults:1 | Bought a scroll of blinking for 110 gold pieces
 55616 | Vaults:1 | Bought a scroll of teleportation for 60 gold pieces
 55833 | Vaults:1 | Got a warped sling
 55834 | Vaults:1 | Identified the cursed sling "Nyodog" {speed, Dex+2} (You found it on level 1 of the Vaults)
 56456 | Vaults:1 | Bought a scroll of identify for 40 gold pieces
 56456 | Vaults:1 | Bought a scroll of identify for 40 gold pieces
 56457 | Vaults:1 | Identified the amulet of Salvation {Int+2} (You took it off a centaur warrior on level 16 of the Dungeon)
 56711 | Vaults:2 | Reached skill level 15 in Invocations
 57030 | Vaults:2 | Found Pnoedah's Assorted Antiques.
 57040 | Vaults:2 | Bought a scroll labeled NARAUS SOPOI for 40 gold pieces
 57513 | Vaults:2 | Paralysed by a red wasp for 1 turns
 58069 | Trove    | Entered a treasure trove
 58085 | Trove    | Got a twisted sling
 58091 | Trove    | Got a twisted flail
 58102 | Trove    | Got a slimy dire flail
 58141 | Trove    | Got a bloodstained quarterstaff
 58151 | Trove    | Got an ichor-stained sabre
 58180 | D:11     | Identified the sling of Kimp {venom, rElec SInv Stlth--} (You found it in a treasure trove)
 58182 | D:11     | Identified the dire flail of Loixu {crush, rF+ rC+} (You found it in a treasure trove)
 58183 | D:11     | Identified the quarterstaff "Twiopn" {holy, +Blink +Lev MR} (You found it in a treasure trove)
 58184 | D:11     | Identified the sabre of Dominance {distort, rElec rC++ rN+} (You found it in a treasure trove)
 58567 | D:14     | Reached skill level 18 in Armour
 58695 | Vaults:1 | Bought a scroll of enchant weapon I for 110 gold pieces
 58695 | Vaults:1 | Bought a scroll of enchant weapon II for 110 gold pieces
 58695 | Vaults:1 | Bought a scroll of enchant weapon I for 110 gold pieces
 58695 | Vaults:1 | Bought a scroll of enchant weapon III for 400 gold pieces
 58695 | Vaults:1 | Bought a scroll of enchant weapon II for 110 gold pieces
 59151 | Orc:3    | Killed an orc warlord
 59229 | Orc:4    | Bought a scroll of enchant weapon III for 220 gold pieces
 59229 | Orc:4    | Bought a scroll of enchant weapon I for 60 gold pieces
 59235 | Orc:4    | Bought a wand of lightning (2) for 72 gold pieces
 59322 | Elf:1    | Entered Level 1 of the Elven Halls
 60102 | Vaults:3 | Noticed Azrael
 60141 | Vaults:3 | Killed Azrael
 60241 | Vaults:3 | Identified a -1 rod of venom (7/13) (You took it off an ogre mage on level 3 of the Vaults)
 60480 | Vaults:3 | Reached XP level 18. HP: 94/159 MP: 32/32
 60806 | Vaults:3 | Found a staircase to the Crypt.
 61701 | D:12     | Killed a frost giant simulacrum
 61782 | D:12     | Killed a shadow dragon skeleton
 61815 | D:12     | Got a smoking steel amulet
 61830 | D:12     | Got a sparkling book
 61831 | D:12     | Identified the Reference Book on Poisonous Earth (You found it on level 12 of the Dungeon)
 62099 | Vaults:4 | Found a labyrinth entrance.
 62112 | Lab      | Entered a labyrinth
 62796 | Lab      | Got a polished spear
 62804 | Vaults:4 | Identified the spear of Hacking and Slashing {pierce, MR} (You found it in a labyrinth)
 62829 | Vaults:4 | Identified the amulet of Blepham {Dex+3 Int+4} (You took it off an orc knight on level 12 of the Dungeon)
 62866 | Vaults:4 | Noticed Frederick
 62952 | Crypt:1  | Entered Level 1 of the Crypt
 63025 | Crypt:1  | Noticed Mara
 63041 | Crypt:1  | Noticed Mara
 63041 | Crypt:1  | Noticed Mara
 63041 | Crypt:1  | Noticed Medar's illusion
 63143 | Vaults:3 | Killed Medar's illusion
 63354 | Crypt:1  | Killed Mara
 66559 | Crypt:3  | Reached XP level 19. HP: 113/168 MP: 33/33
 67136 | Crypt:3  | Noticed Donald
 67166 | Crypt:3  | Killed Donald
 67355 | Crypt:3  | Found a staircase to the Tomb.
 68109 | Crypt:3  | Found a basalt altar of Yredelemnul.
 68330 | Crypt:3  | Noticed a sphinx
 68335 | Crypt:3  | Killed a sphinx
 68627 | Crypt:4  | Noticed Frances
 68655 | Crypt:4  | Killed Frances
 68655 | Crypt:4  | Reached skill level 19 in Armour
 69566 | Crypt:5  | Entered Level 5 of the Crypt
 70893 | Crypt:5  | Noticed a lich
 70900 | Crypt:5  | Paralysed by a lich for 7 turns
 70917 | Crypt:5  | Killed a lich
 71356 | Crypt:5  | Noticed an ancient lich
 71530 | Crypt:5  | Killed an ancient lich
 71530 | Crypt:5  | Reached XP level 20. HP: 178/180 MP: 34/34
 72076 | Crypt:5  | Found a basalt altar of Yredelemnul.
 73071 | Crypt:5  | Noticed a lich
 73083 | Crypt:5  | Killed a lich
 73888 | Vaults:4 | Noticed a sphinx
 73899 | Vaults:4 | Killed a sphinx
 73919 | Vaults:4 | Found Thuoj's Assorted Antiques.
 73957 | Vaults:4 | Found a white marble altar of Elyvilon.
 74071 | Vaults:4 | Found a staircase to the Hall of Blades.
 74531 | Vaults:4 | Killed Frederick
 75005 | Vaults:4 | Reached XP level 21. HP: 182/190 MP: 35/35
 75068 | Vaults:4 | Reached skill level 20 in Armour
 75316 | Vaults:4 | Noticed a shadow dragon
 75336 | Vaults:4 | Killed a shadow dragon
 75359 | Vaults:4 | Noticed a shadow dragon
 75870 | D:14     | Killed a shadow dragon
 76081 | Swamp:1  | Entered Level 1 of the Swamp
 78630 | Swamp:3  | You fall through a shaft!
 80209 | Swamp:5  | Entered Level 5 of the Swamp
 80209 | Swamp:5  | Noticed Aizul
 80607 | Snake:1  | Entered Level 1 of the Snake Pit
 81560 | Snake:2  | Noticed Kirke
 81576 | Snake:2  | Killed Kirke
 81625 | Snake:2  | Noticed Norris
 81636 | Snake:2  | Paralysed by Norris for 2 turns
 81646 | Snake:2  | Killed Norris
 82715 | Snake:3  | Reached XP level 22. HP: 201/201 MP: 36/36
 83875 | Snake:5  | Entered Level 5 of the Snake Pit
 83900 | Snake:5  | Noticed Xtahua
 83917 | Snake:5  | Killed Xtahua
 84047 | Snake:5  | Noticed Saint Roka
 84073 | Snake:5  | Killed Saint Roka
 86193 | Snake:5  | Found Sheorey's Antique Armour Shop.
 87414 | Snake:5  | Reached skill level 21 in Armour
 87842 | Snake:5  | Got a serpentine rune of Zot
 88987 | D:18     | Reached XP level 23. HP: 211/211 MP: 37/37
 89817 | D:19     | Noticed Louise
 89828 | D:19     | Killed Louise
 90033 | D:19     | Noticed Snorg
 90042 | D:19     | Killed Snorg
 90323 | D:20     | Entered Level 20 of the Dungeon
 91153 | D:21     | Got an engraved book
 91154 | D:21     | Identified the Reference Book on Cloudy Talismans (You found it on level 21 of the Dungeon)
 91159 | D:21     | Learned a level 2 spell: Swiftness
 91165 | D:21     | Learned a level 2 spell: Repel Missiles
 91691 | D:21     | Reached skill level 1 in Air Magic
 91696 | D:21     | Found a one-way gate to the infinite horrors of the Abyss.
 91826 | D:21     | Reached skill level 1 in Charms
 91839 | D:21     | joew: I know this isn't the place to ask this, but where can I find a char dump file after I make one online?
 91842 | D:21     | Medar: http://dobrazupa.org/morgue/Medar/Medar.txt
 91887 | D:21     | Reached skill level 1 in Spellcasting
 92025 | D:21     | Got a fine dagger
 92027 | D:21     | Got a polished long sword
 92030 | D:21     | Got a bone spear
 92040 | D:21     | Got a fine sling
 92041 | D:21     | Identified the cursed sling of Sulphur {speed, MR Str+3 Dex-1} (You found it on level 21 of the Dungeon)
 92050 | D:21     | Got an ichor-stained sabre
 92052 | D:21     | Got an ancient great sword
 92167 | D:21     | Found a gateway to Hell.
 93056 | D:22     | Identified a scroll of acquirement
 93847 | D:23     | joew: thanks for you help, I went to the website but couldn't find my own morgue. I went through all the directories
 93996 | D:23     | Found a gateway to a ziggurat.
 94272 | D:23     | Medar: Yeah, it's not really documented anywhere I guess
 94513 | D:23     | Found a deep blue altar of Sif Muna.
 94528 | D:23     | Got a transparent sling
 94529 | D:23     | Identified the sling "Boerghuf" {speed, Contam rC+ Str+2} (You found it on level 23 of the Dungeon)
 94967 | D:24     | Found Studuib's Distillery.
 94976 | D:24     | Bought a potion of might for 32 gold pieces
 95035 | D:24     | Got a faintly glowing mace
 95068 | D:24     | Got a crude tin ring
 95070 | D:24     | Identified the cursed ring "Struwnoal" (You found it on level 24 of the Dungeon)
 95127 | D:24     | Found a glowing silver altar of Zin.
 95363 | D:24     | Found a one-way gate leading to the halls of Pandemonium.
 95632 | D:24     | Reached XP level 24. HP: 208/223 MP: 38/38
 95700 | D:24     | Got a vibrating bone ring
 95701 | D:24     | Identified the ring of Wonder (You found it on level 24 of the Dungeon)
 95778 | D:25     | Entered Level 25 of the Dungeon
 96122 | D:25     | Found a deep blue altar of Sif Muna.
 96866 | D:25     | Noticed a pearl dragon
 96930 | D:25     | Found a white marble altar of Elyvilon.
 96932 | D:25     | Found a glowing golden altar of the Shining One.
 96933 | D:25     | Found a glowing silver altar of Zin.
 98107 | D:26     | Found Subua's Armour Shop.
 98125 | D:26     | Bought a +0 pair of boots of running for 212 gold pieces
 98783 | D:26     | Reached skill level 22 in Armour
 99311 | D:26     | Got a slimy quarterstaff
 99312 | D:26     | Identified the quarterstaff of the Omega Point {antimagic, rElec rC+ MR} (You found it on level 26 of the Dungeon)
 99435 | D:26     | Noticed Margery
 99461 | D:26     | Killed Margery
100227 | D:26     | Reached skill level 5 in Air Magic
100292 | D:27     | Entered Level 27 of the Dungeon
100308 | D:27     | Found a flickering gateway to a bazaar.
100330 | Bazaar   | Entered a bazaar
100332 | Bazaar   | Got a sparkling jade ring
100359 | Bazaar   | Identified the ring of Wonder (You found it in a bazaar)
100374 | Bazaar   | Found Dyonomou's Magical Wand Emporium.
100386 | Bazaar   | Found Tiyhom's Distillery.
100390 | Bazaar   | Bought a potion of speed for 77 gold pieces
100390 | Bazaar   | Bought a potion of speed for 77 gold pieces
100390 | Bazaar   | Bought 2 potions of curing for 56 gold pieces
100426 | Bazaar   | Found Phech's Distillery.
100434 | Bazaar   | Bought 2 potions of speed for 143 gold pieces
100434 | Bazaar   | Bought a potion of resistance for 91 gold pieces
100434 | Bazaar   | Bought a potion of resistance for 91 gold pieces
100434 | Bazaar   | Bought a potion of resistance for 91 gold pieces
100475 | Bazaar   | Bought a wand of fireball (1) for 110 gold pieces
100489 | Bazaar   | Found Kodo's Magical Wand Emporium.
100502 | Bazaar   | Bought a wand of digging (15) for 380 gold pieces
101738 | D:26     | Reached XP level 25. HP: 183/234 MP: 39/39
102251 | D:27     | Reached XP level 24. HP: 225/225 MP: 38/38
102257 | D:27     | Reached XP level 25. HP: 222/234 MP: 39/39
102260 | D:27     | Reached XP level 24. HP: 218/225 MP: 38/38
104268 | Elf:1    | Reached XP level 25. HP: 221/234 MP: 39/39
105577 | Elf:3    | Entered Level 3 of the Elven Halls
105709 | Elf:3    | Cast into the Abyss (deep elf demonologist)
107310 | Abyss    | Found a sparkling altar of Nemelex Xobeh.
108970 | Abyss    | Reached skill level 23 in Armour
109898 | Abyss    | Found a corrupted altar of Lugonu.
110158 | Abyss    | Found a glowing golden altar of the Shining One.
110175 | Abyss    | Got an abyssal rune of Zot
110553 | Abyss    | Found a corrupted altar of Lugonu.
111076 | Elf:3    | Escaped the Abyss.
111141 | Elf:3    | Found Phyttuu's Magic Scroll Shop.
111179 | Elf:3    | Bought a scroll of acquirement for 676 gold pieces
111205 | Elf:3    | Found Plaus' Book Shoppe.
111346 | Elf:3    | Found Triekh's Magical Wand Shop.
111481 | Elf:3    | Found Biafam's Weapon Shoppe.
112426 | Elf:3    | Reached XP level 26. HP: 244/246 MP: 40/40
112528 | Elf:3    | Reached XP level 25. HP: 167/237 MP: 39/39
112536 | Elf:3    | Reached XP level 26. HP: 116/247 MP: 40/40
112539 | Elf:3    | Reached XP level 25. HP: 144/237 MP: 39/39
112875 | Elf:3    | Got a scintillating silver amulet
112891 | Elf:3    | Learned a level 2 spell: Blink
112893 | Elf:3    | Got a bloodstained sling
112902 | Elf:3    | Learned a level 1 spell: Apportation
112970 | Elf:3    | Identified the amulet of Xom's Ringing Laughter (You took it off a deep elf demonologist on level 3 of the Elven Halls)
112981 | Elf:3    | Got a pitted bone ring
112991 | Elf:3    | Got an inconspicuous book
112992 | Elf:3    | Identified the Compendium of Execration (You found it on level 3 of the Elven Halls)
113025 | Elf:3    | Got a droning book
113026 | Elf:3    | Identified Pevuchi's Almanac of Mutagenic Earth (You found it on level 3 of the Elven Halls)
113029 | Elf:3    | Got an engraved book
113030 | Elf:3    | Identified The Foundations of Witchcraft (You found it on level 3 of the Elven Halls)
113061 | Elf:3    | Identified the ring of Graishimef (You found it on level 3 of the Elven Halls)
113068 | Elf:3    | Identified the cursed -1,+4 sling "Hulk" (You found it on level 3 of the Elven Halls)
113480 | Lair:1   | Identified a +3 rod of destruction [inacc,magma,cold] (13/13) (You took it off a deep elf demonologist on level 3 of the Elven Halls)
113691 | Swamp:5  | Killed Aizul
113908 | Swamp:5  | Reached skill level 1 in Translocations
114324 | Swamp:5  | Reached XP level 26. HP: 247/247 MP: 40/40
114700 | Swamp:5  | Got a decaying rune of Zot
115715 | Crypt:1  | Learned a level 6 spell: Haste
115845 | Vaults:4 | Reached XP level 25. HP: 236/237 MP: 39/39
115858 | Vaults:4 | Killed a shadow dragon
115864 | Vaults:4 | Reached XP level 26. HP: 247/247 MP: 40/40
117508 | Vaults:6 | Learned a level 3 spell: Flight
118378 | Vaults:7 | Reached skill level 24 in Armour
119155 | Vaults:8 | Entered Level 8 of the Vaults
119580 | Vaults:7 | Reached XP level 27. HP: 227/258 MP: 41/41
119960 | Vaults:8 | Noticed a golden dragon
119969 | Vaults:8 | Killed a golden dragon
120047 | Vaults:8 | Found Eppyhydago's Food Shoppe.
120394 | Vaults:8 | Found Pugeng's Distillery.
120399 | Vaults:8 | Bought a potion of heal wounds for 57 gold pieces
120418 | Vaults:8 | Found Pruigad's Food Emporium.
120467 | Vaults:8 | Got a silver rune of Zot
121132 | Vaults:8 | Got a glittering jade ring
121208 | Vaults:8 | Identified the ring "Ecygougu" (You found it on level 8 of the Vaults)
121725 | Vaults:8 | Got a smoking leather armour
121726 | Vaults:8 | Identified the cursed -2 leather armour "Mucuwi Gala" (You found it on level 8 of the Vaults)
122479 | Vaults:8 | Noticed a golden dragon
122491 | Vaults:8 | Killed a golden dragon
122624 | Vaults:8 | Got a slimy gold dragon armour
122629 | Vaults:8 | Identified the cursed +7 gold dragon armour of Impressiveness (You found it on level 8 of the Vaults)
122749 | Vaults:8 | Got a silk robe
122765 | Vaults:8 | Got a slimy scale mail
122767 | Vaults:8 | Identified the cursed -5 scale mail of Vehumet's Displeasure (You found it on level 8 of the Vaults)
122773 | Vaults:8 | Identified the +1 robe of Struocont (You found it on level 8 of the Vaults)
123220 | Vaults:8 | Learned a level 4 spell: Control Teleport
123231 | Vaults:8 | Got a conspicuous book
123232 | Vaults:8 | Identified Sif Muna's Arcane Arts in Simple Steps (You found it on level 8 of the Vaults)
123238 | Vaults:8 | Learned a level 4 spell: See Invisible
124293 | Crypt:3  | Reached skill level 25 in Armour
124827 | Hell     | Entered the Vestibule of Hell
124827 | Hell     | Noticed Geryon
125003 | Hell     | Killed Geryon
125069 | Hell     | Found a gateway to the Iron City of Dis.
125271 | Hell     | Found a gateway to the decaying netherworld of Tartarus.
125356 | Hell     | Found a gateway to the freezing wastes of Cocytus.
125439 | Hell     | Found a gateway to the ashen valley of Gehenna.
125834 | Zot:1    | Entered Level 1 of the Realm of Zot
125978 | Zot:1    | Reached skill level 5 in Charms
126159 | Zot:1    | Noticed an orb of fire
126172 | Zot:1    | Killed an orb of fire
127008 | Zot:1    | Reached skill level 5 in Translocations
127897 | Zot:2    | Learned a level 6 spell: Deflect Missiles
128931 | Zot:3    | Reached skill level 5 in Spellcasting
128937 | Zot:3    | Reached skill level 26 in Armour
129053 | Zot:2    | Learned a level 5 spell: Silence
129759 | Zot:3    | Noticed a golden dragon
129774 | Zot:3    | Killed a golden dragon
130594 | Zot:4    | Noticed a golden dragon
130822 | Zot:4    | Killed a golden dragon
130848 | Zot:4    | Noticed a golden dragon
130859 | Zot:4    | Killed a golden dragon
131075 | Zot:4    | Noticed an orb of fire
131094 | Zot:4    | Killed an orb of fire
132560 | Elf:3    | Bought a book of the Sky for 845 gold pieces
132566 | Elf:3    | Learned a level 4 spell: Insulation
133681 | Zot:5    | Entered Level 5 of the Realm of Zot
133892 | Zot:5    | Noticed a golden dragon
133904 | Zot:5    | Killed a golden dragon
133904 | Zot:5    | Reached skill level 27 in Armour
134367 | Zot:5    | Noticed an orb of fire
134367 | Zot:5    | Noticed an orb of fire
134367 | Zot:5    | Noticed an ancient lich
134368 | Zot:5    | Noticed an orb of fire
134370 | Zot:5    | Noticed a Killer Klown
134393 | Zot:4    | Killed a Killer Klown
134681 | Zot:4    | Killed an ancient lich
134699 | Zot:4    | Killed an orb of fire
134710 | Zot:4    | Reached skill level 10 in Charms
134777 | Zot:4    | Killed an orb of fire
134931 | Zot:4    | Killed an orb of fire
135089 | Zot:4    | Kozaczu: Hi!
135091 | Zot:4    | Kozaczu: Can I have a question?
135091 | Zot:4    | Medar: I'll allow it.
135204 | Zot:4    | Kozaczu: I wonder if I go to Ziggurat
135294 | Zot:4    | zkyp: You can haz.
135294 | Zot:4    | Kozaczu: well there are many portals
135294 | Zot:4    | Kozaczu: leading there
135304 | Zot:5    | Kozaczu: If I leave it, all of the portals will be forever colsed?
135362 | Zot:5    | zkyp: yes
135379 | Zot:5    | Kozaczu: Have you ever done all the levels of Zigu?
135381 | Zot:5    | zkyp: yes
135393 | Zot:5    | Kozaczu: and? melee character will do?
135393 | Zot:5    | zkyp: no
135393 | Zot:5    | Kozaczu: ...
135393 | Zot:5    | Kozaczu: well thanks then ;)
135393 | Zot:5    | Kozaczu: good luck!
135393 | Zot:5    | zkyp: you can always try
135393 | Zot:5    | Medar: You can visit multiple Ziggurats, if that's what you meant
135393 | Zot:5    | zkyp: and run away
135394 | Zot:5    | Kozaczu: really?
135398 | Zot:5    | Kozaczu: cool
135441 | Zot:5    | Kozaczu: I wonder what is safe level for me
135461 | Zot:5    | Kozaczu: we'll see
135809 | Zot:5    | Noticed an ancient lich
136118 | Zot:5    | Killed an ancient lich
136207 | Zot:5    | Noticed an orb of fire
136227 | Zot:5    | Killed an orb of fire
136306 | Zot:5    | Noticed an orb of fire
136331 | Zot:5    | Noticed a golden dragon
136332 | Zot:5    | Noticed an orb of fire
136332 | Zot:5    | Killed an orb of fire
136335 | Zot:5    | Noticed a Killer Klown
136338 | Zot:5    | Noticed an ancient lich
136368 | Zot:5    | Killed an orb of fire
136385 | Zot:5    | Killed an ancient lich
136392 | Zot:5    | Killed a golden dragon
136410 | Zot:5    | Noticed an ancient lich
136417 | Zot:5    | Killed a Killer Klown
136812 | Zot:5    | Killed an ancient lich
137572 | Zot:5    | Noticed an ancient lich
137649 | Zot:5    | Noticed an ancient lich
137884 | Zot:5    | Noticed an ancient lich
137899 | Zot:5    | Killed an ancient lich
137912 | Zot:5    | Killed an ancient lich
138181 | Zot:5    | Noticed an ancient lich
138192 | Zot:5    | Killed an ancient lich
138196 | Zot:5    | Noticed an orb of fire
138201 | Zot:5    | Noticed an ancient lich
138211 | Zot:5    | Killed an orb of fire
138222 | Zot:5    | Killed an ancient lich
138865 | Zot:5    | Noticed a Killer Klown
139245 | Zot:5    | Killed a Killer Klown
139311 | Zot:5    | Noticed an orb of fire
139338 | Zot:5    | Killed an orb of fire
139702 | Zot:5    | Killed an ancient lich
140194 | Zot:5    | Noticed an ancient lich
140209 | Zot:5    | Killed an ancient lich
140471 | Zot:4    | Noticed a golden dragon
140483 | Zot:4    | Killed a golden dragon
141202 | Lair:1   | Learned a level 5 spell: Phase Shift
141550 | Slime:1  | Entered Level 1 of the Pits of Slime
141578 | Slime:1  | Paralysed by a giant eyeball for 3 turns
141648 | Slime:1  | Paralysed by a giant eyeball for 4 turns
142985 | Slime:3  | Paralysed by a giant eyeball for 4 turns
143002 | Slime:3  | Paralysed by a giant eyeball for 3 turns
144175 | Elf:3    | Got a crude lead ring
144176 | Elf:3    | Identified the ring of the Gloaming (You took it off a deep elf demonologist on level 3 of the Elven Halls)
144915 | Slime:3  | Paralysed by a giant eyeball for 3 turns
145331 | Slime:6  | Entered Level 6 of the Pits of Slime
145543 | Slime:6  | Reached skill level 10 in Translocations
145754 | Slime:6  | Reached skill level 27 in Fighting
146459 | Slime:6  | Noticed the royal jelly
146473 | Slime:6  | Killed the royal jelly
147138 | Slime:6  | Paralysed by a giant eyeball for 2 turns
147195 | Slime:6  | Got a crystal hand axe
147217 | Slime:6  | Got a yellowed book
147218 | Slime:6  | Identified Waintarph's Grimoire of Greatest Risks and Utility (You found it on level 6 of the Pits of Slime)
147258 | Slime:6  | Got a slimy rune of Zot
147266 | Slime:6  | Got a sparkling book
147267 | Slime:6  | Identified the Handbook of Beguiling and the Entourage (You found it on level 6 of the Pits of Slime)
147301 | Slime:6  | Got a steaming wooden ring
147328 | Slime:6  | Got a steaming pewter ring
147339 | Slime:6  | Identified the ring of Contentment (You found it on level 6 of the Pits of Slime)
147339 | Slime:6  | Identified the ring of Iwibotigh (You found it on level 6 of the Pits of Slime)
147345 | Slime:6  | Got a pitted sling
147346 | Slime:6  | Identified the cursed sling of Metuobre {flame, rC- Int+1} (You found it on level 6 of the Pits of Slime)
147391 | Slime:6  | Got an ancient graven amulet
147406 | Slime:6  | Identified the amulet of Xecla Deneo (You found it on level 6 of the Pits of Slime)
149810 | Dis:1    | Entered Level 1 of the Iron City of Dis
150027 | Dis:1    | Reached skill level 1 in Evocations
150915 | Dis:1    | Reached skill level 5 in Evocations
154180 | Dis:3    | Reached skill level 10 in Evocations
157819 | Dis:6    | Paralysed by the effects of Hell for 7 turns
160003 | Pan      | Entered Pandemonium
160096 | Pan      | Found a gateway to a ziggurat.
160608 | Pan      | Found an exit through the horrors of the Abyss.
160709 | Pan      | Noticed Broijofo the pandemonium lord
160731 | Pan      | Killed Broijofo the pandemonium lord
161543 | Pan      | Noticed Posy the pandemonium lord
161585 | Pan      | Killed Posy the pandemonium lord
162082 | Pan      | Got a demonic rune of Zot
162355 | Pan      | Reached skill level 27 in Staves
162644 | Pan      | Noticed Zemob the pandemonium lord
162661 | Pan      | Killed Zemob the pandemonium lord
162741 | Pan      | Got a bloodstained robe
162742 | Pan      | Identified the cursed -2 robe of Hedonism (You found it in Pandemonium)
162832 | Pan      | Found an exit through the horrors of the Abyss.
164193 | Pan      | Noticed Oned Gacw the pandemonium lord
165054 | Pan      | Noticed Doubud Klunt the pandemonium lord
165550 | D:24     | Escaped the Pandemonium.
166139 | D:23     | You paid a toll of 2830 gold to enter a ziggurat.
166139 | Zig:1    | Entered Level 1 of a ziggurat
166151 | Zig:1    | Got a smoking pewter ring
166168 | Zig:2    | Entered Level 2 of a ziggurat
166197 | Zig:3    | Entered Level 3 of a ziggurat
166246 | Zig:3    | Identified the ring "Ucehink" {+Inv Str+1} (You found it on level 1 of a ziggurat)
166259 | Zig:4    | Entered Level 4 of a ziggurat
166306 | Zig:4    | Got a levitating book
166307 | Zig:4    | Identified the Grimoire of the Twisted Glacier (You found it on level 4 of a ziggurat)
166314 | Zig:5    | Entered Level 5 of a ziggurat
166318 | Zig:5    | Noticed an ancient lich
166371 | Zig:5    | Killed an ancient lich
166467 | Zig:6    | Entered Level 6 of a ziggurat
166623 | Zig:7    | Entered Level 7 of a ziggurat
166722 | Zig:7    | Got a droning book
166723 | Zig:7    | Identified the Volume of the Quantum Frostbite (You found it on level 7 of a ziggurat)
166725 | Zig:7    | Got a crude quarterstaff
166726 | Zig:7    | Identified the cursed quarterstaff of Psychosis {crush, rC++ Dex+1 Int+1 SInv} (You found it on level 7 of a ziggurat)
166751 | Zig:8    | Entered Level 8 of a ziggurat
166865 | Zig:8    | Identified a +1 pair of boots of running (You found it on level 8 of a ziggurat)
166999 | Zig:9    | Entered Level 9 of a ziggurat
167320 | Zig:10   | Entered Level 10 of a ziggurat
167439 | Zig:10   | Got a slimy tin ring
167443 | Zig:10   | Identified the ring of Feashinoda {Dex+3 Int-3} (You found it on level 10 of a ziggurat)
167550 | Zig:11   | Entered Level 11 of a ziggurat
167796 | Zig:12   | Entered Level 12 of a ziggurat
167807 | Zig:12   | Noticed Schoses the pandemonium lord
167807 | Zig:12   | Noticed Ciept the pandemonium lord
167855 | Zig:12   | Killed Schoses the pandemonium lord
167862 | Zig:12   | Killed Ciept the pandemonium lord
167862 | Zig:12   | Reached skill level 27 in Dodging
167942 | Zig:12   | Got a sparkling golden ring
167953 | Zig:12   | Got a black book
167954 | Zig:12   | Identified the Catalogue of the Voyage (You found it on level 12 of a ziggurat)
167970 | Zig:12   | Got a heavily runed jade ring
167987 | Zig:12   | Identified the ring "Nasu Qul" {+Inv Int+4} (You took it off an iron imp on level 12 of a ziggurat)
167988 | Zig:12   | Identified the ring "Tiolle" (You found it on level 12 of a ziggurat)
168149 | Zig:13   | Entered Level 13 of a ziggurat
168163 | Zig:13   | Noticed Ustreim the pandemonium lord
168167 | Zig:13   | Noticed Zoorynan the pandemonium lord
168167 | Zig:13   | Noticed Ostuts Finee the pandemonium lord
168190 | Zig:13   | Killed Ustreim the pandemonium lord
168192 | Zig:13   | Noticed Zuok the pandemonium lord
168198 | Zig:13   | Killed Zoorynan the pandemonium lord
168201 | Zig:13   | Noticed Tijedet the pandemonium lord
168207 | Zig:13   | Noticed Ryduyw the pandemonium lord
168210 | Zig:13   | Killed Ostuts Finee the pandemonium lord
168225 | Zig:13   | Noticed Luaj the pandemonium lord
168243 | Zig:13   | Paralysed by a giant eyeball for 3 turns
168248 | Zig:13   | Killed Zuok the pandemonium lord
168255 | Zig:13   | Paralysed by a giant eyeball for 3 turns
168277 | Zig:13   | Killed Tijedet the pandemonium lord
168278 | Zig:13   | Paralysed by a giant eyeball for 4 turns
168289 | Zig:13   | Paralysed by a giant eyeball for 4 turns
168307 | Zig:13   | Killed Luaj the pandemonium lord
168324 | Zig:13   | Killed Ryduyw the pandemonium lord
168538 | Zig:13   | Got a flickering zirconium amulet
168544 | Zig:13   | Got a conspicuous book
168545 | Zig:13   | Identified Crokh's Almanac of Destructive Ignition (You found it on level 13 of a ziggurat)
168560 | Zig:13   | Identified the amulet "Uwuysa" {Int+3} (You found it on level 13 of a ziggurat)
168572 | Zig:14   | Entered Level 14 of a ziggurat
169636 | Lair:1   | Learned a level 3 spell: Abjuration
170353 | Vaults:8 | Reached skill level 1 in Summonings
170691 | Pan      | Entered the realm of Gloorx Vloq.
170691 | Pan      | Entered Pandemonium
170697 | Pan      | Found an exit through the horrors of the Abyss.
171429 | Pan      | Reached skill level 5 in Summonings
171742 | Pan      | Noticed Gloorx Vloq
172299 | Pan      | Killed Gloorx Vloq
172629 | Pan      | Got a dark rune of Zot
172818 | Pan      | Noticed Ykhecur the pandemonium lord
173322 | Pan      | Entered the realm of Cerebov.
173322 | Pan      | Noticed Cerebov
174170 | Pan      | Killed Cerebov
174843 | Pan      | Got a steaming ivory ring
174924 | Pan      | Reached skill level 1 in Hexes
174987 | Pan      | Got a torn book
174988 | Pan      | Identified the Papyrus of Blows and Bruises (You found it in Pandemonium)
175068 | Pan      | Got an ichor-stained plate armour
175069 | Pan      | Identified the ring of Trog's Esteem (You took it off an efreet in Pandemonium)
175518 | Pan      | Got a fiery rune of Zot
175549 | Pan      | Got an inconspicuous book
175550 | Pan      | Identified the Catalogue of Clay and Shape Shifting (You found it in Pandemonium)
175735 | Pan      | Reached skill level 5 in Hexes
176087 | Pan      | Noticed Zolev the pandemonium lord
176099 | Pan      | Entered the realm of Lom Lobon.
177264 | Pan      | Noticed Lom Lobon
177297 | Pan      | Killed Lom Lobon
177329 | Pan      | Got a magical rune of Zot
177519 | Pan      | Noticed Treo the pandemonium lord
177976 | Pan      | Found an exit through the horrors of the Abyss.
178308 | Pan      | Noticed Hugus the pandemonium lord
178319 | Pan      | Killed Hugus the pandemonium lord
178700 | Pan      | Found an exit through the horrors of the Abyss.
179142 | Pan      | Entered the realm of Mnoleg.
179364 | Pan      | Got a brightly glowing cloak
179368 | Pan      | Identified the -1 cloak "Stalily" (You acquired it in Pandemonium)
179449 | Pan      | Found an exit through the horrors of the Abyss.
179779 | Pan      | Noticed Mnoleg
179796 | Pan      | Paralysed by a giant eyeball for 4 turns
179831 | Pan      | Killed Mnoleg
179831 | Pan      | Reached skill level 10 in Hexes
180252 | Pan      | Got a glowing rune of Zot
180650 | Pan      | Got a droning book
180651 | Pan      | Identified Plyfiteth's Guide on the Helpful Frostbite (You found it in Pandemonium)
180736 | Pan      | Noticed Poypn the pandemonium lord
180766 | Pan      | Killed Poypn the pandemonium lord
181376 | Pan      | Found an exit through the horrors of the Abyss.
181414 | Pan      | Noticed Ponaps the pandemonium lord
181456 | Pan      | Killed Ponaps the pandemonium lord
181463 | Pan      | Reached skill level 10 in Air Magic
182338 | Pan      | Noticed Jivyt the pandemonium lord
182360 | Pan      | Killed Jivyt the pandemonium lord
182937 | Pan      | Found a gateway to a ziggurat.
184128 | Pan      | Found an exit through the horrors of the Abyss.
184179 | D:24     | Escaped the Pandemonium.
184486 | Zot:2    | Learned a level 6 spell: Deflect Missiles
184671 | Tar:1    | Entered Level 1 of Tartarus
187844 | Tar:4    | Reached skill level 10 in Spellcasting
190929 | Coc:1    | Entered Level 1 of Cocytus
197767 | Coc:5    | Reached skill level 15 in Charms
197807 | Coc:5    | Got an ancient copper ring
197809 | Coc:5    | Identified the ring "Pluiblam" (You took it off a crimson imp on level 5 of Cocytus)
199781 | Geh:1    | Entered Level 1 of Gehenna
203778 | Geh:5    | Reached skill level 15 in Air Magic
205513 | Dis:7    | Entered Level 7 of the Iron City of Dis
207395 | Dis:7    | Got an inconspicuous book
207396 | Dis:7    | Identified Vegiog's Papyrus of Talismans (You found it on level 7 of the Iron City of Dis)
208874 | Dis:7    | Gained mutation: You are weak (Str -1). [a cacodemon]
210269 | Dis:7    | Noticed Dispater
210319 | Dis:7    | Killed Dispater
210337 | Dis:7    | Got an iron rune of Zot
210341 | Dis:7    | Got a conspicuous book
210345 | Dis:7    | Identified Sif Muna's Handbook of Moulding (You found it on level 7 of the Iron City of Dis)
210537 | Dis:7    | Got a pitted silver amulet
210747 | Hell     | Identified the amulet "Buterchy" (You took it off a wight on level 7 of the Iron City of Dis)
211303 | Temple   | Entered the Ecumenical Temple
211906 | Tar:7    | Entered Level 7 of Tartarus
213385 | Tar:7    | Reached skill level 27 in Invocations
215241 | Tar:7    | Noticed Ereshkigal
215264 | Tar:7    | Killed Ereshkigal
215267 | Tar:7    | Turgon: Game over for eresh
215267 | Tar:7    | Medar: full health ;E
215267 | Tar:7    | Turgon: Well, you have a +9 lajatang of speed!
215267 | Tar:7    | Turgon: Great weapon
215267 | Tar:7    | Medar: oh yeah
215312 | Tar:7    | Got a bone rune of Zot
215766 | D:24     | Bought a potion of heal wounds for 39 gold pieces
215766 | D:24     | Bought a potion of resistance for 91 gold pieces
215766 | D:24     | Bought a potion of magic for 91 gold pieces
216500 | Geh:7    | Entered Level 7 of Gehenna
217527 | Geh:7    | Got a transparent platinum ring
217586 | Geh:7    | Got an engraved book
217591 | Geh:7    | Identified the Volume of Good Luck (You found it on level 7 of Gehenna)
217620 | Geh:7    | Noticed Asmodeus
217676 | Geh:7    | Killed Asmodeus
217768 | Geh:7    | Aimeelou: well done :)
217842 | Geh:7    | Got an obsidian rune of Zot
218497 | Coc:7    | Entered Level 7 of Cocytus
220069 | Coc:7    | Noticed the Serpent of Hell
220103 | Coc:7    | Killed the Serpent of Hell
220848 | Coc:7    | Noticed Antaeus
221281 | Coc:7    | Killed Antaeus
221436 | Coc:7    | Got an icy rune of Zot
221442 | Coc:7    | Got a sparkling book
221443 | Coc:7    | Identified Sif Muna's Almanac of the Arsonist (You found it on level 7 of Cocytus)
221445 | Coc:7    | Got an inconspicuous book
221446 | Coc:7    | Identified the Guide on Flying Conjuration (You found it on level 7 of Cocytus)
221908 | Lair:1   | Identified the ring "Struneebb" (You took it off a vampire on level 7 of Gehenna)
223315 | Vaults:4 | Bought a scroll of magic mapping for 140 gold pieces
223315 | Vaults:4 | Bought a scroll of teleportation for 120 gold pieces
223461 | Tomb:1   | Entered Level 1 of the Tomb of the Ancients
224895 | Tomb:1   | Noticed a greater mummy
224910 | Tomb:1   | Noticed a greater mummy
224917 | Tomb:1   | Killed a greater mummy
224940 | Tomb:1   | Killed a greater mummy
225336 | Tomb:1   | Noticed a greater mummy
225349 | Tomb:1   | Killed a greater mummy
225537 | Tomb:1   | Noticed a greater mummy
225552 | Tomb:1   | Killed a greater mummy
226142 | Tomb:2   | Noticed a greater mummy
226163 | Tomb:2   | Killed a greater mummy
226382 | Tomb:2   | Noticed a greater mummy
226382 | Tomb:2   | Noticed a greater mummy
226382 | Tomb:2   | Noticed a greater mummy
226602 | Tomb:1   | Killed a greater mummy
226616 | Tomb:1   | Killed a greater mummy
227154 | Tomb:2   | Killed a greater mummy
227154 | Tomb:2   | Reached skill level 15 in Hexes
227999 | Tomb:1   | Noticed a greater mummy
228008 | Tomb:1   | Killed a greater mummy
228009 | Tomb:1   | Noticed a greater mummy
228021 | Tomb:1   | Killed a greater mummy
228548 | Tomb:1   | Noticed a greater mummy
228573 | Tomb:1   | Killed a greater mummy
228892 | Tomb:1   | Noticed a greater mummy
228906 | Tomb:1   | Killed a greater mummy
229349 | Tomb:1   | Noticed a greater mummy
229352 | Tomb:1   | Noticed a greater mummy
229365 | Tomb:1   | Killed a greater mummy
229377 | Tomb:1   | Killed a greater mummy
229383 | Tomb:1   | Noticed a greater mummy
229709 | Tomb:1   | Killed a greater mummy
230374 | Tomb:1   | Noticed a greater mummy
230376 | Tomb:1   | Noticed a greater mummy
230399 | Tomb:1   | Killed a greater mummy
230417 | Tomb:1   | Killed a greater mummy
230889 | Tomb:1   | Noticed a greater mummy
230904 | Tomb:1   | Killed a greater mummy
230907 | Tomb:1   | Noticed a greater mummy
230919 | Tomb:1   | Killed a greater mummy
230929 | Tomb:1   | Noticed a greater mummy
230931 | Tomb:1   | Noticed a greater mummy
230944 | Tomb:1   | Killed a greater mummy
230952 | Tomb:1   | Killed a greater mummy
231707 | Tomb:1   | Noticed a greater mummy
231726 | Tomb:1   | Killed a greater mummy
231814 | Tomb:1   | Noticed a greater mummy
231827 | Tomb:1   | Killed a greater mummy
232478 | Tomb:1   | Noticed a greater mummy
232494 | Tomb:1   | Killed a greater mummy
232776 | Tomb:2   | Cast into the Abyss (a Zot trap)
232778 | Abyss    | Found a corrupted altar of Lugonu.
232793 | Abyss    | Lost mutation: You are weak (Str -1). [potion of cure mutation]
232860 | Abyss    | Found a basalt altar of Yredelemnul.
233427 | Tomb:2   | Escaped the Abyss.
234903 | Tomb:3   | Entered Level 3 of the Tomb of the Ancients
236101 | D:24     | Donated 3068 gold pieces to Zin
237352 | Tomb:3   | Noticed a greater mummy
237774 | Tomb:3   | Noticed a greater mummy
237784 | Tomb:2   | Killed a greater mummy
237942 | Tomb:3   | Noticed a greater mummy
237955 | Tomb:2   | Killed a greater mummy
238000 | Tomb:3   | Noticed a greater mummy
238016 | Tomb:2   | Killed a greater mummy
238077 | Tomb:3   | Noticed a greater mummy
238087 | Tomb:2   | Killed a greater mummy
238118 | Tomb:3   | Noticed a greater mummy
238137 | Tomb:2   | Killed a greater mummy
238161 | Tomb:2   | Killed a greater mummy
238236 | Tomb:3   | Noticed a greater mummy
238597 | Tomb:3   | Noticed a greater mummy
238620 | Tomb:2   | Killed a greater mummy
238629 | Tomb:2   | Killed a greater mummy
238700 | Tomb:3   | Got a pitted pewter ring
239067 | Tomb:3   | Got a faintly glowing graven amulet
239120 | Tomb:3   | Identified the ring of Brytut (You took it off a mummy priest on level 3 of the Tomb of the Ancients)
239121 | Tomb:3   | Identified the amulet of Harmony (You took it off a mummy priest on level 3 of the Tomb of the Ancients)
239121 | Tomb:3   | Identified a rod of venom (You took it off a mummy priest on level 3 of the Tomb of the Ancients)
239316 | Tomb:3   | Got a glittering silver amulet
239345 | Tomb:3   | Got a golden rune of Zot
239381 | Tomb:3   | Noticed a greater mummy
239401 | Tomb:3   | Killed a greater mummy
240354 | D:25     | Donated 1851 gold pieces to Zin
240721 | Zot:5    | Got the Orb of Zot
241097 | D:22     | Noticed Bluweg the pandemonium lord
241121 | D:22     | Killed Bluweg the pandemonium lord
241683 | D:3      | Noticed Freulut the pandemonium lord
241701 | D:3      | Killed Freulut the pandemonium lord
241708 | D:3      | Noticed Ywiastrea the pandemonium lord
241726 | D:3      | Killed Ywiastrea the pandemonium lord
241893 | D:$      | Escaped with the Orb!
